 Dungeon Crawl Stone Soup version 0.29-a0-11-ga75d3d97ab (webtiles) character file.

Game seed: 17192803459020243920

54835 blank1 the Warrior (level 14, -7/148 HPs)
             Began as a Minotaur Fighter on Jan 28, 2022.
             Was the Champion of Okawaru.
             Mangled by a bone dragon (12 damage)
             ... on level 4 of the Abyss.
             The game lasted 00:51:51 (23865 turns).

blank1 the Warrior (Minotaur Fighter)              Turns: 23865, Time: 00:51:52

Health: -7/148     AC: 45    Str: 27    XL:     14   Next: 36%
Magic:  17/17      EV: 16    Int:  5    God:    Okawaru [******]
Gold:   1282       SH:  6    Dex: 24    Spells: 17/17 levels left

rFire   . . .      SeeInvis .   y - +4 flail (spect)
rCold   . . .      Faith    +   c - +0 buckler
rNeg    . . .      Spirit   .   Q - +12 storm dragon scales of Hedge Wizardry {rElec rPois rF- Dex+8}
rPois   +          Reflect  .   G - +4 hat of Otraoceu {Str+4}
rElec   +          Harm     .   F - +2 cloak
rCorr   .          Rampage  .   B - +2 pair of gloves {Dex+3}
Will    +....                   x - +1 pair of boots
Stlth   ..........              u - amulet of faith
HPRegen 0.00/turn               k - ring of protection from fire
MPRegen 0.15/turn               w - +4 ring of protection

@: sick
A: horns 2, retaliatory headbutt
a: Renounce Religion, Heroism, Finesse, Duel


You were on level 4 of the Abyss.
You worshipped Okawaru.
Okawaru was exalted by your worship.
You visited 3 branches of the dungeon, and saw 18 of its levels.
You visited the Abyss 1 time.
You also visited: Sewer and Gauntlet.

You collected 1282 gold pieces.

Inventory:

Hand Weapons
 y - a +4 spectral flail (weapon)
Missiles
 j - 5 throwing nets
Armour
 c - a +0 buckler (worn)
 o - the +4 fire dragon scales of a Labyrinth {rPois rF++ rC- Will+ Int-5 SInv}
   (Okawaru gifted it to you in a Gauntlet)

   Int:       It affects your intelligence (-5).
   rF:        It greatly protects you from fire.
   rC:        It makes you vulnerable to cold.
   rPois:     It protects you from poison.
   SInv:      It lets you see invisible.
   Will:      It increases your willpower.
 x - a +1 pair of boots (worn)
 B - a +2 pair of gloves of dexterity (worn)
 F - a +2 cloak (worn)
 G - the +4 hat of Otraoceu (worn) {Str+4}
   (You found it in a Gauntlet)

   Str:       It affects your strength (+4).
 M - a +2 hat of intelligence
 Q - the +12 storm dragon scales of Hedge Wizardry (worn) {rElec rPois rF- Dex+8}
   (You found it on level 2 of the Lair of Beasts)

   Dex:       It affects your dexterity (+8).
   rF:        It makes you vulnerable to fire.
   rElec:     It insulates you from electricity.
   rPois:     It protects you from poison.
Jewellery
 k - a ring of protection from fire (left hand)
 u - an amulet of faith (around neck)
 w - a +4 ring of protection (right hand)
 O - a ring of see invisible
Wands
 n - a wand of flame (43) (quivered)
 t - a wand of iceblast (10)
 E - a wand of digging (10)
 J - a wand of mindburst (3)
 K - a wand of paralysis (1)
 R - a wand of acid (3)
Scrolls
 b - 3 scrolls of holy word
 f - 8 scrolls of teleportation
 h - a scroll of fog
 i - 2 scrolls of magic mapping
 q - 6 scrolls of blinking
 r - a scroll of torment {unknown}
 s - 3 scrolls of enchant weapon {unknown}
 C - a scroll of silence
 D - 7 scrolls of immolation
 I - a scroll of fear
 L - 4 scrolls of identify
 S - a scroll of amnesia {unknown}
Potions
 a - 2 potions of mutation
 d - 2 potions of might
 g - 5 potions of haste
 l - 2 potions of cancellation
 m - a potion of berserk rage {unknown}
 p - 5 potions of curing
 v - a potion of invisibility
 z - 2 potions of ambrosia {unknown}
 A - 3 potions of attraction
 N - 3 potions of lignification {unknown}
 P - a potion of brilliance {unknown}
 T - a potion of flight
 U - a potion of resistance {unknown}


   Skills:
 - Level 20.0 Fighting
 - Level 14.0 Maces & Flails
 + Level 12.8 Armour
 + Level 10.0 Dodging
 - Level 4.0 Shields
 - Level 2.0 Spellcasting
 - Level 6.0 Invocations


You had 17 spell levels left.
You didn't know any spells.
Your spell library contained the following spells:

 Spells                   Type           Power      Damage    Failure   Level
 Pain                     Necr           0%         1d4       92%         1
 Blink                    Tloc           0%         N/A       98%         2
 Static Discharge         Conj/Air       0%         N/A       98%         2
 Frozen Ramparts          Ice            0%         1d2       100%        3
 Lesser Beckoning         Tloc           0%         N/A       100%        3
 Dispel Undead            Necr           0%         3d6       100%        4
 Ice Form                 Ice/Tmut       0%         N/A       100%        4
 Sticky Flame             Conj/Fire      0%         2d3       100%        4
 Agony                    Necr           0%         N/A       100%        5
 Alistair's Intoxication  Tmut/Pois      0%         N/A       100%        5
 Blade Hands              Tmut           0%         N/A       100%        5
 Borgnjor's Vile Clutch   Necr/Erth      0%         N/A       100%        5
 Excruciating Wounds      Necr           0%         N/A       100%        5
 Freezing Cloud           Conj/Ice/Air   0%         6-21      100%        5
 Manifold Assault         Tloc           0%         N/A       100%        5
 Conjure Ball Lightning   Conj/Air       0%         3x3d6     100%        6
 Eringya's Noxious Bog    Tmut/Pois      0%         N/A       100%        6
 Iron Shot                Conj/Erth      0%         9d1       100%        6
 Discord                  Hex            0%         N/A       100%        8
 Disjunction              Tloc           0%         N/A       100%        8
 Polar Vortex             Ice            0%         N/A       100%        9
 Animate Armour           Summ/Erth      Unusable   N/A       N/A         4
 Summon Ice Beast         Ice/Summ       Unusable   N/A       N/A         4
 Simulacrum               Ice/Necr       Unusable   N/A       N/A         6

Dungeon Overview and Level Annotations

Branches:
Dungeon (11/15)            Temple (1/1) D:7            Lair (6/6) D:11
 Shoals (0/4) Lair:3        Snake (0/4) Lair:3          Orc (0/2) D:11
  Sewer (visited)         Gauntlet (visited)
  Slime: Lair:5-6

Altars:
Ashenzari
Cheibriados
Dithmenos
Elyvilon
Fedhas
Gozag
Hepliaklqana
Kikubaaqudgha
Makhleb
Nemelex Xobeh
Okawaru
Qazlal
Ru
Sif Muna
Trog
Uskayaw
Vehumet
Wu Jian
Xom
Yredelemnul
Zin
The Shining One

Shops:
D:1 *   D:4 *   D:6 [   D:9 !   D:10 =   D:11 *??:(

Annotations:
Lair:6 exclusion: 2 oklob plants


Innate Abilities, Weirdness & Mutations

You have a pair of horns on your head.
You reflexively headbutt those who attack you in melee.


Message History

The bone dragon bites you but does no damage.
The bone dragon claws you but does no damage.
The bone dragon tramples you but does no damage.
You barely miss the bone dragon. You headbutt the bone dragon.
The bone dragon is moderately damaged.
Your +4 spectral flail hits the bone dragon.
The bone dragon bites you but does no damage.
The bone dragon claws you but does no damage.
The bone dragon tramples you.
* * * LOW HITPOINT WARNING * * *
You stumble backwards!
You feel better.
The bone dragon bites you but does no damage.
The bone dragon closely misses you. The bone dragon barely misses you.
You sock the bone dragon!
The bone dragon is heavily damaged.
Your +4 spectral flail hits the bone dragon!
You hit the bone dragon but do no damage.
The bone dragon is heavily damaged.
Your +4 spectral flail hits the bone dragon.
The bone dragon bites your +4 spectral flail!
Your spectral weapon shares its damage with you!
* * * LOW HITPOINT WARNING * * *
The bone dragon claws your +4 spectral flail!
Your spectral weapon shares its damage with you!
* * * LOW HITPOINT WARNING * * *
The bone dragon tramples your +4 spectral flail but does no damage.
You catch the helpless bone dragon completely off-guard!
You thump the bone dragon!
You headbutt the bone dragon, but do no damage.
The bone dragon is heavily damaged.
Your +4 spectral flail hits the bone dragon but does no damage.
A starcursed mass comes into view.
A starcursed mass splits.
A chorus of shrieks assaults your mind.
* * * LOW HITPOINT WARNING * * *
The bone dragon bites you but does no damage.
The bone dragon claws you but does no damage.
The bone dragon tramples you!
You die...

.. ...... ...
.. ......
....# . . . .
...# ....#.#
....# #....#
###..#
#...##....##
#.....##...#
###.#)#....#
#.(#.@.#..#
..##.D.....#
........#...#
.
#....#.#...###
..
##......##..
#....... ..
........ # ..
XX#.##.# .#.
.# .. .##


You could see a bone dragon and 2 starcursed masses.

Vanquished Creatures
  Rupert (Lair:3)
  A sphinx (D:11)
  A draconian stormcaller (Abyss:3)
  3 very ugly things (Abyss:2)
  A minotaur (Gauntlet)
  A black draconian (Abyss:4)
  Fannar (Lair:3)
  5 hydras
  Harold (D:9)
  A boulder beetle (Lair:6)
  A catoblepas (Lair:2)
  A centaur warrior (D:11)
  4 two-headed ogres
  A tengu warrior (D:11)
  A thrashing horror (Abyss:2)
  A wretched star (Abyss:2)
  2 lindwurms (Lair:4)
  An ugly thing (Abyss:2)
  Pikel (D:6)
  A deep elf pyromancer (D:11)
  A manticore (D:11)
  A large abomination (Lair:6)
  2 oklob plants
  A moth of wrath (Gauntlet)
  6 elephants (Lair:6)
  5 black mambas
  A rust devil (Abyss:4)
  A smoke demon (Lair:6)
  An ice statue (Lair:2)
  Maurice (D:10)
  A torpor snail (Lair:6)
  A gargoyle (D:11)
  8 cane toads
  A yaktaur (D:11)
  2 minotaur zombies (Gauntlet)
  A rime drake (Lair:6)
  10 komodo dragons
  A kobold demonologist (D:11)
  A tengu conjurer (D:11)
  An ice devil (Lair:2)
  7 polar bears
  An ancient zyme (Abyss:3)
  A hornet (D:8)
  2 trolls (D:11)
  Grinder (D:5)
  A raiju (Abyss:2)
  17 blink frogs
  11 flying skulls (Gauntlet)
  7 spriggans (Lair:2)
  2 shadows
  The ghost of Cecur the Ruffian, an amateur TrMo of the Shining One (D:3)
  A vampire (D:11)
  A ynoxinul (Lair:6)
  6 wyverns
  A culicivora (shapeshifter) (Lair:6)
  A wraith (D:11)
  3 basilisks
  31 yaks
  A steam dragon (D:7)
  A chaos spawn (Abyss:4)
  Menkaure (D:5)
  7 vampire mosquitoes
  3 wargs
  2 acid dragons (Gauntlet)
  11 water moccasins
  An orc warrior (D:8)
  6 ice beasts
  5 ogres
  8 small abominations (Lair:6)
  A black bear (D:5)
  A necrophage (D:7)
  27 wolves
  11 centaurs
  2 lemures (D:6)
  A phantom (D:5)
  A kobold brigand (D:11)
  A gnoll sergeant (D:11)
  18 bullfrogs
  4 scorpions
  17 killer bees
  10 electric eels
  3 wights (D:7)
  3 howler monkeys
  3 starcursed masses (Abyss:2)
  5 centaur zombies
  5 bullfrog zombies
  7 hounds
  10 jellies
  Crazy Yiuf (D:3)
  2 orc priests (D:8)
  2 gnoll shamans
  2 bullfrog skeletons
  3 iron imps (D:3)
  Jessica (D:2)
  Ijyb (D:3)
  Terence (D:3)
  7 iguanas
  Natasha (thrice) (D:2)
  6 orc wizards
  4 hell rats (Lair:4)
  A hound zombie (D:5)
  Robin (D:2)
  9 adders
  5 gnolls
  A river rat (D:4)
  A shadow imp (D:6)
  3 white imps
  An adder skeleton (D:4)
  2 worms (D:4)
  2 dart slugs
  25 orcs
  16 ball pythons
  30 endoplasms
  9 giant cockroaches
  15 goblins
  8 hobgoblins
  7 kobolds
  10 quokkas
  5 bats
  11 frilled lizards
  3 rats
  A spectral hobgoblin (D:7)
547 creatures vanquished.

Vanquished Creatures (others)
  21 fungi
  69 plants
90 creatures vanquished.

Grand Total: 637 creatures vanquished

Notes
Turn   | Place    | Note
-------+----------+-------------------------------------------
     0 | D:1      | blank1 the Minotaur Fighter began the quest for the Orb.
     0 | D:1      | Reached XP level 1. HP: 19/19 MP: 0/0
   369 | D:1      | Found Saluk's General Store.
   462 | D:1      | Reached XP level 2. HP: 27/27 MP: 1/1
  1057 | D:2      | Reached skill level 1 in Dodging
  1135 | D:2      | Reached skill level 4 in Fighting
  1135 | D:2      | Reached XP level 3. HP: 31/33 MP: 2/2
  1327 | D:2      | Noticed Natasha
  1333 | D:2      | Killed Natasha
  1368 | D:2      | Reached XP level 4. HP: 40/40 MP: 3/3
  1523 | D:2      | Noticed Jessica
  1528 | D:2      | Killed Jessica
  1768 | D:2      | Noticed Natasha
  1772 | D:2      | Killed Natasha
  1778 | D:2      | Noticed Natasha
  1792 | D:2      | Killed Natasha
  1793 | D:2      | Reached XP level 5. HP: 36/47 MP: 4/4
  1902 | D:3      | Noticed Terence
  1902 | D:3      | Noticed Robin
  1970 | D:3      | Killed Terence
  2043 | D:3      | Found a runed translucent door.
  2044 | D:3      | Noticed Crazy Yiuf
  2115 | D:2      | Reached skill level 5 in Fighting
  2115 | D:2      | Reached skill level 5 in Maces & Flails
  2127 | D:2      | Killed Robin
  2293 | D:3      | Noticed Ijyb
  2301 | D:3      | Reached XP level 6. HP: 42/56 MP: 5/5
  2422 | D:3      | Found a runed translucent door.
  2423 | D:3      | Noticed Cecur's ghost (amateur TrMo)
  2710 | D:3      | Killed Ijyb
  2798 | D:3      | Found a burning altar of Makhleb.
  3082 | D:3      | Killed Crazy Yiuf
  3083 | D:3      | Reached skill level 6 in Fighting
  3157 | D:4      | Noticed a +0 hand axe
  3157 | D:4      | Noticed a +0 dagger
  3158 | D:4      | Found a hide-covered altar of Uskayaw.
  3172 | D:4      | Found a shadowy altar of Dithmenos.
  3230 | D:4      | Found an opulent altar of Gozag.
  3234 | D:4      | Found Gozag's Platinum Reserve.
  3242 | D:4      | Reached XP level 7. HP: 38/64 MP: 6/6
  3269 | D:4      | Found a glowing drain.
  3286 | Sewer    | Entered a sewer
  3792 | Sewer    | Reached skill level 7 in Fighting
  4190 | D:4      | Reached skill level 8 in Fighting
  4190 | D:4      | Reached XP level 8. HP: 59/74 MP: 7/7
  4512 | D:3      | Killed Cecur's ghost
  4513 | D:3      | Reached skill level 5 in Armour
  4565 | D:5      | Entered Level 5 of the Dungeon
  4943 | D:5      | Noticed Grinder
  4961 | D:5      | Paralysed by Grinder for 4 turns
  4975 | D:5      | Killed Grinder
  4976 | D:5      | Reached skill level 9 in Fighting
  5120 | D:5      | Noticed Menkaure
  5127 | D:5      | Killed Menkaure
  5128 | D:5      | Reached XP level 9. HP: 78/84 MP: 8/8
  5235 | D:5      | Found a snail-covered altar of Cheibriados.
  5617 | D:5      | Found a sparkling altar of Nemelex Xobeh.
  5718 | D:6      | Found Lioqoma's Antique Armour Shop.
  6037 | D:6      | Reached skill level 10 in Fighting
  6037 | D:6      | Reached skill level 10 in Maces & Flails
  6055 | D:6      | Found an ornate altar of the Wu Jian Council.
  6278 | D:6      | Noticed Pikel
  6298 | D:6      | Killed Pikel
  6659 | D:6      | Found a blossoming altar of Fedhas.
  6662 | D:6      | Found a radiant altar of Vehumet.
  6963 | D:7      | Reached skill level 5 in Dodging
  6981 | D:7      | Found a staircase to the Ecumenical Temple.
  7004 | Temple   | Entered the Ecumenical Temple
  7457 | D:7      | Found an iron altar of Okawaru.
  7486 | D:7      | Became a worshipper of Warmaster Okawaru
  7690 | D:7      | Reached XP level 10. HP: 81/93 MP: 9/9
  7844 | D:7      | Found a hazy altar of Hepliaklqana.
  8174 | D:8      | Noticed a two-headed ogre
  8186 | D:8      | Killed a two-headed ogre
  8186 | D:8      | Reached * piety under Okawaru
  8187 | D:8      | Reached skill level 11 in Fighting
  8187 | D:8      | Reached skill level 1 in Invocations
  9428 | D:8      | Reached ** piety under Okawaru
 10510 | D:9      | Noticed Harold
 10530 | D:9      | Killed Harold
 10530 | D:9      | Reached *** piety under Okawaru
 10531 | D:9      | Reached skill level 12 in Fighting
 10674 | D:9      | Found Uhemekka's Distillery.
 11575 | D:9      | Found a broken altar of Ashenzari.
 11602 | D:10     | Entered Level 10 of the Dungeon
 11632 | D:10     | Noticed a two-headed ogre
 11643 | D:10     | Killed a two-headed ogre
 11643 | D:10     | Reached **** piety under Okawaru
 11644 | D:10     | Reached XP level 11. HP: 76/106 MP: 12/12
 11771 | D:10     | Found Vaijott's Jewellery Shop.
 11867 | D:10     | Reached skill level 13 in Fighting
 12120 | D:10     | Noticed a two-headed ogre
 12126 | D:10     | Killed a two-headed ogre
 12126 | D:10     | Reached ***** piety under Okawaru
 12438 | D:10     | Identified the +3 leather armour of Experimentation {Str+4
                  | Dex+3}
 12450 | D:10     | Noticed Maurice
 12462 | D:10     | Killed Maurice
 12568 | D:10     | Noticed an oklob plant
 12672 | D:10     | Killed an oklob plant
 13098 | D:10     | Identified the +1 scale mail of Qesiegg {rElec rPois}
 13149 | D:11     | Noticed a two-headed ogre
 13149 | D:11     | Found a staircase to the Orcish Mines.
 13160 | D:10     | Killed a two-headed ogre
 13161 | D:10     | Reached skill level 14 in Fighting
 13481 | D:11     | Found Xuhumiyre's Weapon Boutique.
 13499 | D:11     | Found Ryetaedgh's Book Emporium.
 13532 | D:11     | Found a gate leading to a gauntlet.
 13568 | Gauntlet | Entered a Gauntlet
 13568 | Gauntlet | Found a transporter.
 13696 | Gauntlet | Noticed an oklob plant
 13698 | Gauntlet | Found a transporter.
 13700 | Gauntlet | Found a transporter.
 13704 | Gauntlet | Noticed an oklob plant
 13711 | Gauntlet | Found a transporter.
 13714 | Gauntlet | Found a transporter.
 13724 | Gauntlet | Found a transporter.
 13740 | Gauntlet | Found a transporter.
 13744 | Gauntlet | Noticed a ghost crab
 13751 | Gauntlet | Found a transporter.
 13753 | Gauntlet | Noticed a green death
 13761 | Gauntlet | Found a transporter.
 13774 | Gauntlet | Found a transporter.
 13774 | Gauntlet | Found a transporter.
 13788 | Gauntlet | Found a transporter.
 13800 | Gauntlet | Found a transporter.
 13800 | Gauntlet | Found a transporter.
 13877 | Gauntlet | Killed an oklob plant
 13877 | Gauntlet | Received a gift from Okawaru
 14362 | Gauntlet | Identified the +4 fire dragon scales of a Labyrinth {rPois
                  | rF++ rC- Will+ Int-5 SInv} (Okawaru gifted it to you in a
                  | Gauntlet)
 14362 | Gauntlet | Received a gift from Okawaru
 14382 | Gauntlet | Reached skill level 10 in Armour
 14387 | Gauntlet | Reached XP level 12. HP: 68/117 MP: 14/14
 14395 | Gauntlet | Identified the +4 hat of Otraoceu {Str+4}
 14567 | Gauntlet | Noticed a minotaur
 14583 | Gauntlet | Killed a minotaur
 14584 | Gauntlet | Reached skill level 1 in Spellcasting
 14998 | D:11     | Reached skill level 5 in Invocations
 15109 | D:11     | Noticed a tengu warrior
 15113 | D:11     | Noticed a five-headed hydra
 15116 | D:11     | Killed a tengu warrior
 15124 | D:11     | Noticed a sphinx
 15132 | D:11     | Killed a five-headed hydra
 15143 | D:11     | Killed a sphinx
 15266 | D:11     | Reached ****** piety under Okawaru
 15267 | D:11     | Reached skill level 15 in Fighting
 15415 | D:11     | Noticed a centaur warrior
 15419 | D:11     | Noticed an eight-headed hydra
 15420 | D:11     | Killed a centaur warrior
 15420 | D:11     | Received a gift from Okawaru
 15430 | D:11     | Killed an eight-headed hydra
 15926 | D:11     | Reached skill level 16 in Fighting
 16140 | D:11     | Found Hofolen's Fire Supplies.
 16170 | D:11     | Found Juizxuku's Magic Scroll Shop.
 16174 | D:11     | Found a staircase to the Lair.
 16209 | D:11     | Found Anwod's Magic Scroll Shoppe.
 16542 | Lair:1   | Entered Level 1 of the Lair of Beasts
 17491 | Lair:1   | Identified the +2 robe of Feasting {*Corrode rF++ rC++}
 17495 | Lair:1   | Received a gift from Okawaru
 17735 | Lair:2   | Reached XP level 13. HP: 108/128 MP: 16/16
 18174 | Lair:2   | Identified the +8 dagger of the Warrior {chaos, rPois}
 18657 | Lair:2   | Reached skill level 17 in Fighting
 18888 | Lair:2   | Found the +0 staff of Battle
 18999 | Lair:3   | Found a bloodstained altar of Trog.
 19166 | Lair:3   | Found a staircase to the Snake Pit.
 19184 | Lair:3   | Noticed Fannar
 19192 | Lair:3   | Killed Fannar
 19381 | Lair:3   | Noticed Rupert
 19397 | Lair:3   | Killed Rupert
 19397 | Lair:3   | Identified the +8 dagger "Joxeh" {freeze, rF- Int+5}
                  | (Okawaru gifted it to you on level 3 of the Lair of Beasts)
 19397 | Lair:3   | Received a gift from Okawaru
 19543 | Lair:3   | Reached skill level 18 in Fighting
 19855 | Lair:3   | Found a staircase to the Shoals.
 19875 | Lair:3   | Received a gift from Okawaru
 20261 | Lair:2   | Identified the +12 storm dragon scales of Hedge Wizardry
                  | {rElec rPois rF- Dex+8}
 20680 | Lair:4   | Found a blossoming altar of Fedhas.
 20846 | Lair:4   | Reached skill level 19 in Fighting
 21854 | Lair:5   | Reached XP level 14. HP: 125/146 MP: 17/17
 22361 | Lair:6   | Entered Level 6 of the Lair of Beasts
 22833 | Lair:6   | Reached skill level 20 in Fighting
 22896 | Lair:6   | Received a gift from Okawaru
 22896 | Lair:6   | Found the +3 warlock's mirror {reflect}
 23565 | Lair:6   | Reached skill level 10 in Dodging
 23568 | Lair:6   | Cast into level 2 of the Abyss (spriggan)
 23687 | Abyss:2  | Noticed a green very ugly thing
 23687 | Abyss:2  | Noticed a green very ugly thing
 23687 | Abyss:2  | Noticed a green very ugly thing
 23706 | Abyss:2  | Killed a green very ugly thing
 23713 | Abyss:2  | Noticed a starcursed mass
 23715 | Abyss:2  | Killed a green very ugly thing
 23722 | Abyss:2  | Paralysed by accursed screaming for 1 turns
 23725 | Abyss:2  | Killed a green very ugly thing
 23730 | Abyss:2  | Paralysed by accursed screaming for 1 turns
 23796 | Abyss:3  | Noticed a white draconian stormcaller
 23798 | Abyss:3  | HP: 7/148 [white draconian stormcaller (17)]
 23807 | Abyss:3  | Killed a white draconian stormcaller
 23850 | Abyss:4  | Noticed a bone dragon
 23865 | Abyss:4  | Noticed a starcursed mass
 23865 | Abyss:4  | HP: 5/148 [starcursed mass/accursed screaming (7)]
 23865 | Abyss:4  | Mangled by a bone dragon

Illustrated notes

Levels and vault maps discovered:
D:1:      dpeg_arrival_yet_another_circle, layout_basic, serial_shops, shop
D:2:      layout_basic, uniq_jessica, uniq_natasha
D:3:      layout_basic, demons_altar, gammafunk_ghost_grave, uniq_terence,
          uniq_robin, uniq_ijyb, uniq_crazy_yiuf_cottage
D:4:      layout_cave_pools, dancing_weapons_uskayaw,
          nicolae_gozag_zags_fifth_avenue, grunt_dithmenos_smoke,
          cheibrodos_sewer_entry_sluice, cheibrodos_gnoll_hut
D:5:      layout_rooms, mainiacjoe_overflow_surrounded_room,
          mainiacjoe_overflow_brackets, uniq_grinder, uniq_menkaure
D:6:      layout_loops_corners, marbit_many_paths, nicolae_overflow_squiral,
          serial_rivers, chequers_serial_rivers_micro_b,
          chequers_serial_rivers_marsh, chequers_serial_rivers_micro_a,
          chequers_serial_rivers_room_a, chequers_serial_rivers_marsh,
          serial_shops, nicolae_shop_advertising_works
          [nicolae_subvault_shop_adworks], corexii_corridor_pit,
          hangedman_decor_peaks_small, uniq_pikel
D:7:      layout_loops_ring, old_standard_altar,
          nicolae_hepliaklqana_monster_ancestors, temple_green, st_stairs_12
D:8:      layout_basic, st_stairs_12, kennysheep_boxes
D:9:      layout_grid_maze, kennysheep_mini, serial_shops, shop,
          hangedman_decor_lopped, uniq_harold
D:10:     lemuel_slime, layout_loops_ring, serial_shops, shop_statue,
          uniq_maurice
D:11:     nzn_winding_woodlands_small
          [nzn_winding_woodlands_5x15_river_crossing,
          nzn_winding_woodlands_center_garden,
          nzn_winding_woodlands_5x15_longhouse], layout_basic,
          minmay_orc_entry_guard_dogs, serial_shops, nicolae_shop_waterfront,
          kennysheep_mini_moat, nicolae_lakefront_shop, shop,
          gauntlet_entry_generic, nicolae_shop_fire_sale
          [nicolae_sub_dead_trees], grunt_ogre_cave
Temple:   cyrus_temple_forest
Lair:1:   layout_cave_pods, minivault_24
Lair:2:   kb_forest_paths, layout_misc_corridors, ice2_lemuel
Lair:3:   beast_lair_carwin_large_1, layout_small_grid,
          minmay_shoals_entry_centaurs, lemuel_centaur_altar,
          serial_bayou_shore_a, uniq_rupert, uniq_fannar
Lair:4:   layout_cellular_growth, basic_altar, nicolae_lair_lindhole
Lair:5:   layout_roguey
Lair:6:   hellmonk_lair_end_abyssal_woods, layout_cave_pods,
          minmay_slime_entry_oklob_enclosed, chequers_serial_rivers_micro_e,
          serial_bayou_pond_e, minivault_26
Abyss:4:  base: D:1, hangedman_abyss_sting

Skill      XL: |  1  2  3  4  5  6  7  8  9 10 11 12 13 14 |
---------------+-------------------------------------------+-----
Dodging        | 1 2 3 5 7 8 9 10 | 10.0
Fighting       | 4 5 6 8 9 10 12 14 16 19 20 | 20.0
Armour         | 4 6 8 10 11 12 | 12.8
Shields        | 4 |  4.0
Maces & Flails | 3 4 5 6 8 9 10 12 14 | 14.0
Invocations    | 3 4 6 |  6.0
Spellcasting   | 2 |  2.0

Action                   |  1- 3 |  4- 6 |  7- 9 | 10-12 | 13-15 || total
-------------------------+-------+-------+-------+-------+-------++-------
Melee: Flail             |    90 |   130 |   381 |   726 |   517 ||  1844
       Headbutt          |     9 |    19 |    66 |   150 |   159 ||   403
Invok: Heroism           |       |       |       |     2 |     1 ||     3
       Finesse           |       |       |       |     2 |     2 ||     4
Evoke: Wand              |       |       |       |     1 |     2 ||     3
  Use: Scroll            |       |       |       |    16 |     4 ||    20
       Potion            |       |       |       |       |     5 ||     5
 Stab: Distracted        |       |       |       |       |    11 ||    11
Armor: Scale mail        |    42 |    19 |       |       |       ||    61
       Chain mail        |       |    40 |    48 |       |       ||    88
       Plate armour      |       |       |   160 |   426 |       ||   586
       Fire dragon scale |       |       |       |    34 |   105 ||   139
       Storm dragon scal |       |       |       |       |   134 ||   134
Dodge: Dodged            |    28 |    45 |   117 |   289 |   269 ||   748
Block: Buckler           |    21 |    31 |    71 |   176 |    95 ||   394

Table legend: (Time is in decaauts)
 A = Elapsed time spent in this place.
 B = Non-inter-level travel time spent in this place.
 C = Inter-level travel time spent in this place.
 D = Time resting spent in this place.
 E = Time spent auto-exploring this place.
 F = Levels seen in this place.
 G = Mean time per level.
                   A        B        C        D        E       F      G
               +--------+--------+--------+--------+--------+-----+--------+
         Total |  23772 |  22982 |    790 |   3130 |  15235 |  23 | 1033.6 |
       Dungeon |  14362 |  13955 |    407 |   2329 |   8956 |  11 | 1305.6 |
        Temple |    319 |    279 |     40 |      0 |    272 |   1 |  319.0 |
          Lair |   6917 |   6574 |    343 |      0 |   5392 |   6 | 1152.8 |
         Abyss |    271 |    271 |      0 |     61 |      0 |   3 |   90.3 |
         Sewer |    629 |    629 |      0 |    180 |    124 |   1 |  629.0 |
      Gauntlet |   1271 |   1271 |      0 |    559 |    491 |   1 | 1271.0 |
               +--------+--------+--------+--------+--------+-----+--------+

Top non-repeatable levels by time:
     D:8: 2393 daAuts
    D:10: 1810 daAuts
    D:11: 1742 daAuts
  Lair:2: 1657 daAuts
  Lair:3: 1305 daAuts
     D:6: 1304 daAuts
Gauntlet: 1271 daAuts
     D:2: 1240 daAuts
  Lair:6: 1178 daAuts
     D:3: 1116 daAuts
  Lair:1: 1110 daAuts
     D:9: 1049 daAuts
     D:5: 1023 daAuts
     D:1: 948 daAuts
     D:7: 875 daAuts
